 Dungeon Crawl Stone Soup version 0.23.1 (webtiles) character file.

Game seed: 17953558906385118179

344 myga the Covered (level 6, -6/38 HPs)
             Began as a Tengu Fighter on Mar 19, 2019.
             Killed by divine providence
             ... invoked by an orc priest
              (13 damage)
             ... on level 3 of the Dungeon.
             The game lasted 00:11:10 (2392 turns).

myga the Covered (Tengu Fighter)                    Turns: 2392, Time: 00:11:11

Health: -6/38      AC: 11    Str: 22    XL:     6   Next: 58%
Magic:  7/7        EV:  8    Int:  8    God:
Gold:   187        SH: 10    Dex: 15    Spells: 5/5 levels left

rFire    . . .     SeeInvis .   a - +0 long sword
rCold    . . .     Gourm    .   c - +0 shield
rNeg     . . .     Faith    .   b - +0 scale mail
rPois    .         Spirit   .   o - +0 hat
rElec    .         Reflect  .   (no cloak)
rCorr    .         Harm     .   (no gloves)
MR       .....                  (boots unavailable)
Stlth    ..........             (no amulet)
HPRegen  0.12/turn              n - +4 ring of protection
MPRegen  0.10/turn              (no ring)

@: mighty
A: beak, talons 3, able to fly
a: Fly


You were on level 3 of the Dungeon.
You were not hungry.

You visited 1 branch of the dungeon, and saw 4 of its levels.

You collected 187 gold pieces.

Inventory:

Hand Weapons
 a - a +0 long sword (weapon)
 d - a +0 falchion
Missiles
 e - a throwing net (quivered)
Armour
 b - a +0 scale mail (worn)
 c - a +0 shield (worn)
 k - a +0 scale mail
 o - a +0 hat (worn)
Jewellery
 n - a +4 ring of protection (left hand)
Scrolls
 h - a scroll of immolation {unknown}
 i - 2 scrolls of teleportation
 j - a scroll of enchant weapon {unknown}
 l - a scroll of blinking {unknown}
 p - a scroll of fear {unknown}
 q - a scroll of magic mapping {unknown}
 s - a scroll of identify {unknown}
Potions
 g - a potion of magic {unknown}
 m - a potion of might
 r - a potion of lignification {unknown}
 t - a potion of degeneration {unknown}
Comestibles
 f - 6 rations


   Skills:
 + Level 4.0 Fighting
 + Level 4.1 Long Blades
 + Level 4.7 Armour
 + Level 0.9 Dodging
 + Level 0.6 Stealth
 + Level 4.5 Shields


You had 5 spell levels left.
You didn't know any spells.
Your spell library was empty.

Dungeon Overview and Level Annotations

Branches:
Dungeon (4/15)
 Temple: D:4-7

Altars:
Ashenzari
Fedhas
Kikubaaqudgha
Nemelex Xobeh
Sif Muna

Shops:
D:4 *


Innate Abilities, Weirdness & Mutations

You have a beak for a mouth.
You have claws for feet.
You can fly continuously.


Message History

* * * LOW HITPOINT WARNING * * *
You slash the giant cockroach!
You kill the giant cockroach!
You block the leopard gecko's attack.
Your shield and scale mail prevent you from hitting the leopard gecko.
Your kick misses the leopard gecko. You block the leopard gecko's attack.
You slash the leopard gecko!
You kill the leopard gecko!
The goblin shoots a stone.
The stone hits you.
* * * LOW HITPOINT WARNING * * *
You slash the orc!
You kill the orc!
You block the orc's attack.
You closely miss the orc. You claw the orc!
You kill the orc!
You barely miss the orc priest. You claw the orc priest.
The orc priest is lightly wounded.
The orc priest calls down the wrath of Beogh upon you.
Beogh smites you!
You die...

#.########.#....>..........
#..#...#.#######....######.
#.......... #..#### #.
#.....#..# ##.# ##
#....#..#. #.# #
#......#.#. ## #
#...#.....### #.......###.#
#.....#.go@# #.)#...#o###
#....#..#.# #..$....o#.(#
#.........### #...#.#####
#..(so....# #....o...#.)#
#....#og#.#


You could see an orc priest, an orc and a goblin.

Vanquished Creatures
  A howler monkey (D:4)
  A hound (D:4)
  An orc wizard (D:4)
  A bullfrog skeleton (D:3)
  A worker ant (D:4)
  8 adders
  An ooze (D:2)
  2 worms (D:3)
  An adder skeleton (D:4)
  5 dart slugs
  4 leopard geckos
  10 orcs
  10 bats
  2 giant cockroaches
  6 goblins
  8 hobgoblins
  4 jackals (D:2)
  12 kobolds
  A quokka (D:3)
  6 frilled lizards
  A jackal skeleton (D:2)
  14 rats
100 creatures vanquished.

Notes
Turn   | Place    | Note
-------+----------+-------------------------------------------
     0 | D:1      | myga the Tengu Fighter began the quest for the Orb.
     0 | D:1      | Reached XP level 1. HP: 14/14 MP: 2/2
    69 | D:1      | Reached XP level 2. HP: 19/19 MP: 3/3
   456 | D:1      | Reached XP level 3. HP: 21/23 MP: 4/4
   478 | D:1      | Found a sparkling altar of Nemelex Xobeh.
   756 | D:2      | You fall through a shaft for 2 floors!
   782 | D:4      | Reached XP level 4. HP: 23/28 MP: 5/5
   820 | D:4      | Gained mutation: You can fly continuously. [Tengu growth]
   820 | D:4      | Reached XP level 5. HP: 4/32 MP: 6/6
   830 | D:4      | HP: 1/32 [poisoned by a worker ant]
  1174 | D:4      | Found Sogarala's Assorted Antiques.
  1195 | D:4      | Noticed an ogre
  1305 | D:3      | Found a blossoming altar of Fedhas.
  1322 | D:3      | Reached XP level 6. HP: 32/38 MP: 7/7
  1472 | D:2      | Found a shattered altar of Ashenzari.
  1472 | D:2      | Found an ancient bone altar of Kikubaaqudgha.
  1752 | D:2      | Found a deep blue altar of Sif Muna.
  2392 | D:3      | Killed from afar by an orc priest

Skill      XL: |  1  2  3  4  5  6 |
---------------+-------------------+-----
Armour         | 4 |  4.7
Shields        | 4 |  4.5
Long Blades    | 3 4 |  4.1
Fighting       | 4 |  4.0
Dodging        | |  0.9
Stealth        | |  0.6

Action                   |  1- 3 |  4- 6 || total
-------------------------+-------+-------++-------
Melee: Long sword        |    48 |   158 ||   206
       Kick              |    15 |    46 ||    61
       Peck              |     8 |    22 ||    30
  Use: Potion            |       |     2 ||     2
       Scroll            |       |     1 ||     1
 Stab: Distracted        |       |     1 ||     1
  Eat: Chunk             |       |     5 ||     5
Armor: Scale mail        |    14 |    51 ||    65
Dodge: Dodged            |    12 |    38 ||    50
Block: Shield            |    22 |    68 ||    90
       Rpst.: Long sword |     2 |    13 ||    15
